PA
YELLOWKNIFE DRAGONBLOOD @ SOUTH BEACH BLAZE
06/17/2029
 
TOP OF THE 1ST
Yellowknife Dragonblood batting - Pitching for South Beach Blaze : RHP José Sauls
Pitching: RHP José Sauls
Batting: RHB José García 0-0: Called Strike
0-1: SINGLE (Groundball, 56S) (infield hit)
Batting: RHB Juan López 0-0: Fly out, F9 (Line Drive, 9LM)
Batting: LHB Jayden Laming 0-0: Ball
1-0: Swinging Strike
1-1: Foul Ball, location: 2F
1-2: Ball
2-2: Strikes out swinging
Batting: LHB Juan Macíel 0-0: Ball
José García steals 2nd base
1-0: Fly out, F1 (Line Drive, 13S)
Top of the 1st over - 0 runs, 1 hit, 0 errors, 1 left on base; Yellowknife 0 - South Beach 0
BOTTOM OF THE 1ST
South Beach Blaze batting - Pitching for Yellowknife Dragonblood : RHP Kazuchika Okada
Pitching: RHP Kazuchika Okada
Batting: RHB Giobbe Bastedo 0-0: Ground out 6-3 (Groundball, 6S)
Batting: RHB Harlan Peppers 0-0: Ball
1-0: DOUBLE (Line Drive, 7LM)
Batting: LHB Marcel Escoda 0-0: Ball
1-0: Ball
2-0: Called Strike
2-1: DOUBLE (Line Drive, 8RD)
Harlan Peppers scores
Batting: LHB Sepulveda Zambrano 0-0: Ball
1-0: Called Strike
1-1: Ball
2-1: Foul Ball, location: 2F
2-2: Ground out 6-3 (Groundball, 6)
Batting: LHB Raymond Graham 0-0: Swinging Strike
0-1: Called Strike
0-2: Ground out 6-3 (Groundball, 6)
Bottom of the 1st over - 1 run, 2 hits, 0 errors, 1 left on base; Yellowknife 0 - South Beach 1
TOP OF THE 2ND
Yellowknife Dragonblood batting - Pitching for South Beach Blaze : RHP José Sauls
Batting: LHB Santiago Miranda 0-0: Swinging Strike
0-1: Foul Ball, location: 2F
0-2: SINGLE (Line Drive, 34)
Batting: RHB Fernando González 0-0: Swinging Strike
0-1: Ball
1-1: Ball
2-1: Foul Ball, location: 2F
2-2: Strikes out swinging
Batting: RHB Cristo Cuervo 0-0: Ball
1-0: Foul Ball, location: 2F
1-1: SINGLE (Groundball, 6M) (infield hit)
Santiago Miranda to second
Batting: RHB Víctor Murguia 0-0: SINGLE (Groundball, 34D)
Santiago Miranda to third
Cristo Cuervo to second
Runner from 3rd tries for Home, SAFE, no throw
Batting: RHB Mitsuhide Bando 0-0: Fly out, F3 (Popup, 3S)
Batting: RHB José García 0-0: Called Strike
0-1: Foul Ball, location: 2F
0-2: Fly out, F4 (Popup, 4)
Top of the 2nd over - 1 run, 3 hits, 0 errors, 2 left on base; Yellowknife 1 - South Beach 1
BOTTOM OF THE 2ND
South Beach Blaze batting - Pitching for Yellowknife Dragonblood : RHP Kazuchika Okada
Batting: SHB Serious Lee 0-0: Called Strike
0-1: Ball
1-1: Foul Ball, location: 2F
1-2: Ball
2-2: Ground out 5-3 (Groundball, 56)
Batting: RHB Daniel Bertrand 0-0: Foul Ball, location: 2F
0-1: SINGLE (Groundball, 56D)
Batting: RHB Greg Schiff 0-0: Grounds into double play, 6-4-3 (Groundball, 6)
Bottom of the 2nd over - 0 runs, 1 hit, 0 errors, 0 left on base; Yellowknife 1 - South Beach 1
TOP OF THE 3RD
Yellowknife Dragonblood batting - Pitching for South Beach Blaze : RHP José Sauls
Batting: RHB Juan López 0-0: Swinging Strike
0-1: Foul Ball, location: 2F
0-2: Ball
1-2: Foul Ball, location: 2F
1-2: SINGLE (Line Drive, 89S)
Batting: LHB Jayden Laming 0-0: Called Strike
Juan López steals 2nd base
0-1: Ball
1-1: Swinging Strike
Balk!
Juan López to third
1-2: Foul Ball, location: 2F
1-2: Ball
2-2: Ground out 4-3 (Groundball, 4)
Juan López scores
Batting: LHB Juan Macíel 0-0: Ball
1-0: Ball
2-0: Swinging Strike
2-1: Ball
3-1: Fly out, F8 (Flyball, 8LM)
Batting: LHB Santiago Miranda 0-0: Ball
1-0: Called Strike
1-1: Ball
2-1: Called Strike
2-2: Ball
3-2: Foul Ball, location: 2F
3-2: Strikes out swinging
Top of the 3rd over - 1 run, 1 hit, 0 errors, 0 left on base; Yellowknife 2 - South Beach 1
BOTTOM OF THE 3RD
South Beach Blaze batting - Pitching for Yellowknife Dragonblood : RHP Kazuchika Okada
Batting: RHB Ed Bowers 0-0: Bunted foul
0-1: Ball
1-1: Swinging Strike
1-2: Strikes out looking
Batting: RHB Giobbe Bastedo 0-0: Called Strike
0-1: Swinging Strike
0-2: SINGLE (Groundball, 23) (infield hit)
Batting: RHB Harlan Peppers 0-0: Called Strike
0-1: Ball
1-1: Ball
2-1: Fly out, F2 (Popup, 2R)
Batting: LHB Marcel Escoda 0-0: Ball
Giobbe Bastedo steals 2nd base
1-0: Fly out, F6 (Popup, 4MD)
Bottom of the 3rd over - 0 runs, 1 hit, 0 errors, 1 left on base; Yellowknife 2 - South Beach 1
TOP OF THE 4TH
Yellowknife Dragonblood batting - Pitching for South Beach Blaze : RHP José Sauls
Batting: RHB Fernando González 0-0: SINGLE (Groundball, 6MD)
Batting: RHB Cristo Cuervo 0-0: Called Strike
0-1: Fielders Choice at 2nd, 2-4 (Groundball, 2L)
Batting: RHB Víctor Murguia 0-0: Called Strike
0-1: Ground out 3-1 (Groundball, 34S)
Cristo Cuervo to second
Batting: RHB Mitsuhide Bando 0-0: Foul Ball, location: 2F
0-1: Ball
1-1: Ball
2-1: Foul Ball, location: 2F
2-2: Fly out, F8 (Line Drive, 8LM)
Top of the 4th over - 0 runs, 1 hit, 0 errors, 1 left on base; Yellowknife 2 - South Beach 1
BOTTOM OF THE 4TH
South Beach Blaze batting - Pitching for Yellowknife Dragonblood : RHP Kazuchika Okada
Batting: LHB Sepulveda Zambrano 0-0: Foul Ball, location: 2F
0-1: Ball
1-1: Fly out, F8 (Flyball, 8RXD)
Batting: LHB Raymond Graham 0-0: Reached on error, E3 (Groundball, 3)
Batting: SHB Serious Lee 0-0: SINGLE (Line Drive, 89S)
Raymond Graham to second
Batting: RHB Daniel Bertrand 0-0: Called Strike
0-1: Foul Ball, location: 2F
0-2: Ball
1-2: Ball
2-2: Strikes out swinging
Batting: RHB Greg Schiff 0-0: Ground out 1-3 (Groundball, 13S)
Bottom of the 4th over - 0 runs, 1 hit, 1 error, 2 left on base; Yellowknife 2 - South Beach 1
TOP OF THE 5TH
Yellowknife Dragonblood batting - Pitching for South Beach Blaze : RHP José Sauls
Batting: RHB José García 0-0: Ball
1-0: Fly out, F8 (Flyball, 8LD)
Batting: RHB Juan López 0-0: Ball
1-0: Foul Ball, location: 2F
1-1: Ball
2-1: Swinging Strike
2-2: Strikes out swinging
Batting: LHB Jayden Laming 0-0: Ground out 6-3 (Groundball, 6)
Top of the 5th over - 0 runs, 0 hits, 0 errors, 0 left on base; Yellowknife 2 - South Beach 1
BOTTOM OF THE 5TH
South Beach Blaze batting - Pitching for Yellowknife Dragonblood : RHP Kazuchika Okada
Batting: RHB Ed Bowers 0-0: Ball
1-0: Bunt for hit - play at first, batter OUT! 3-4
Batting: RHB Giobbe Bastedo 0-0: Ball
1-0: Ground out 5-3 (Groundball, 5S)
Batting: RHB Harlan Peppers 0-0: Ball
1-0: Foul Ball, location: 2F
1-1: Swinging Strike
1-2: Strikes out swinging
Bottom of the 5th over - 0 runs, 0 hits, 0 errors, 0 left on base; Yellowknife 2 - South Beach 1
TOP OF THE 6TH
Yellowknife Dragonblood batting - Pitching for South Beach Blaze : RHP José Sauls
Batting: LHB Juan Macíel 0-0: Ball
1-0: Ball
2-0: Called Strike
2-1: Fly out, F9 (Flyball, 9LM)
Batting: LHB Santiago Miranda 0-0: Called Strike
0-1: Ball
1-1: Foul Ball, location: 2F
1-2: Ball
2-2: Strikes out looking
Batting: RHB Fernando González 0-0: Swinging Strike
0-1: SINGLE (Groundball, 3D)
Batting: RHB Cristo Cuervo 0-0: Ball
1-0: Called Strike
1-1: Ball
2-1: DOUBLE (Line Drive, 7LM)
Fernando González to third
Runner from 3rd tries for Home, SAFE, no throw
Batting: RHB Víctor Murguia 0-0: Ball
1-0: Ball
2-0: SINGLE (Line Drive, 89S)
Cristo Cuervo to third
Runner from 3rd tries for Home, SAFE, no throw
Pitching: LHP Luis Oropeza
Batting: RHB Mitsuhide Bando 0-0: Foul Ball, location: 2F
0-1: Called Strike
0-2: Foul Ball, location: 2F
0-2: Strikes out looking
Top of the 6th over - 2 runs, 3 hits, 0 errors, 1 left on base; Yellowknife 4 - South Beach 1
BOTTOM OF THE 6TH
South Beach Blaze batting - Pitching for Yellowknife Dragonblood : RHP Kazuchika Okada
Batting: LHB Marcel Escoda 0-0: Called Strike
0-1: Swinging Strike
0-2: SINGLE (Groundball, 34S) (infield hit)
Batting: LHB Sepulveda Zambrano 0-0: Ball
1-0: Fielders Choice at 2nd, U6 (Groundball, 4D)
Batting: LHB Raymond Graham 0-0: Ball
1-0: Grounds into double play, 4-6-3 (Groundball, 4)
Bottom of the 6th over - 0 runs, 1 hit, 0 errors, 0 left on base; Yellowknife 4 - South Beach 1
TOP OF THE 7TH
Yellowknife Dragonblood batting - Pitching for South Beach Blaze : LHP Luis Oropeza
Batting: RHB José García 0-0: SINGLE (Groundball, 34S) (infield hit)
Batting: RHB Juan López 0-0: Ball
1-0: Sac Bunt - play at first, batter OUT! 1-3
José García to second
Batting: LHB Jayden Laming 0-0: Ball
1-0: Ball
2-0: Fly out, F8 (Flyball, 89S)
Batting: LHB Juan Macíel 0-0: Foul Ball, location: 2F
0-1: Ball
1-1: Ball
2-1: Ground out 5-3 (Groundball, 56)
Top of the 7th over - 0 runs, 1 hit, 0 errors, 1 left on base; Yellowknife 4 - South Beach 1
BOTTOM OF THE 7TH
South Beach Blaze batting - Pitching for Yellowknife Dragonblood : RHP Kazuchika Okada
Batting: SHB Serious Lee 0-0: Swinging Strike
0-1: Fly out, F7 (Flyball, 7S)
Batting: RHB Daniel Bertrand 0-0: Called Strike
0-1: Swinging Strike
0-2: Foul Ball, location: 2F
0-2: Ball
1-2: Ball
2-2: Foul Ball, location: 2F
2-2: Strikes out looking
Batting: RHB Greg Schiff 0-0: Ball
1-0: Ball
2-0: DOUBLE (Line Drive, 78D)
Batting: RHB Ed Bowers 0-0: Ball
1-0: Fly out, F9 (Line Drive, 9LM)
Bottom of the 7th over - 0 runs, 1 hit, 0 errors, 1 left on base; Yellowknife 4 - South Beach 1
TOP OF THE 8TH
Yellowknife Dragonblood batting - Pitching for South Beach Blaze : LHP Luis Oropeza
Batting: LHB Santiago Miranda 0-0: Fly out, F6 (Popup, 6MS)
Batting: RHB Fernando González 0-0: Foul Ball, location: 2F
0-1: Swinging Strike
0-2: Ball
1-2: Strikes out looking
Batting: RHB Cristo Cuervo 0-0: Ball
1-0: Swinging Strike
1-1: Called Strike
1-2: Foul Ball, location: 2F
1-2: Strikes out looking
Top of the 8th over - 0 runs, 0 hits, 0 errors, 0 left on base; Yellowknife 4 - South Beach 1
BOTTOM OF THE 8TH
South Beach Blaze batting - Pitching for Yellowknife Dragonblood : RHP Kazuchika Okada
Batting: RHB Giobbe Bastedo 0-0: Ball
1-0: Swinging Strike
1-1: Foul Ball, location: 2F
1-2: Fly out, F2 (Popup, 25F)
Batting: RHB Harlan Peppers 0-0: Called Strike
0-1: Ball
1-1: Foul Ball, location: 2F
1-2: Ball
2-2: Strikes out looking
Batting: LHB Marcel Escoda 0-0: Ball
1-0: Foul Ball, location: 2F
1-1: Fly out, F7 (Flyball, 78D)
Bottom of the 8th over - 0 runs, 0 hits, 0 errors, 0 left on base; Yellowknife 4 - South Beach 1
TOP OF THE 9TH
Yellowknife Dragonblood batting - Pitching for South Beach Blaze : LHP Luis Oropeza
Batting: RHB Víctor Murguia 0-0: Ball
1-0: Swinging Strike
1-1: Ball
2-1: Ball
3-1: Base on Balls
Batting: RHB Mitsuhide Bando 0-0: Bunt missed!
0-1: Bunt missed!
0-2: Ball
1-2: Strikes out swinging
Batting: RHB José García 0-0: Fly out, F9 (Flyball, 9S)
Batting: RHB Juan López 0-0: Ball
1-0: Called Strike
1-1: Ball
2-1: Ball
3-1: Base on Balls
Víctor Murguia to second
Batting: LHB Jayden Laming 0-0: Ball
1-0: SINGLE (Line Drive, 78S)
Víctor Murguia to third
Juan López to second
Runner from 3rd tries for Home, SAFE, no throw
Batting: LHB Juan Macíel 0-0: Called Strike
0-1: Called Strike
0-2: Fielders Choice at 2nd, 6-4 (Groundball, 6)
Top of the 9th over - 1 run, 1 hit, 0 errors, 2 left on base; Yellowknife 5 - South Beach 1
BOTTOM OF THE 9TH
South Beach Blaze batting - Pitching for Yellowknife Dragonblood : RHP Kazuchika Okada
Batting: LHB Sepulveda Zambrano 0-0: Ground out 4-3 (Groundball, 4)
Batting: LHB Raymond Graham 0-0: Ball
1-0: Swinging Strike
1-1: Ground out U3 (Groundball, 3)
Batting: SHB Serious Lee 0-0: Called Strike
0-1: Foul Ball, location: 2F
0-2: Strikes out swinging
Bottom of the 9th over - 0 runs, 0 hits, 0 errors, 0 left on base; Yellowknife 5 - South Beach 1
Tuesday, December 19th, 2017 - OOTP Baseball 18.8 Build 76